 Dungeon Crawl Stone Soup version 0.21-a0-272-g984ae92 (webtiles) character file.

56 4thArraOfDagon the Cutter (level 3, -10/24 HPs)
             Began as a Mummy Enchanter on Sept 15, 2017.
             Killed by divine providence
             ... invoked by an orc priest
              (13 damage)
             ... on level 3 of the Dungeon.
             The game lasted 00:04:33 (743 turns).

4thArraOfDagon the Cutter (Mummy Enchanter)          Turns: 743, Time: 00:04:33

Health: -10/24     AC:  2    Str: 11    XL:     3   Next: 71%
Magic:  5/7        EV: 12    Int: 15    God:
Gold:   32         SH:  0    Dex: 12    Spells: 1/7 levels left

rFire    x . .     SeeInvis .   a - +1 dagger
rCold    + . .     Gourm    .   (no shield)
rNeg     + + +     Faith    .   b - +0 robe
rPois    ∞         Spirit   .   (no helmet)
rElec    .         Reflect  .   (no cloak)
rCorr    .         Harm     .   (no gloves)
MR       .....                  (no boots)
Stlth    ++........             (no amulet)
HPRegen  0.08/turn              (no ring)
MPRegen  0.10/turn              (no ring)

@: no status effects
A: no food or potions, fire vulnerability, cold resistance 1, negative energy
resistance 3, torment resistance, unbreathing
a: no special abilities


You were on level 3 of the Dungeon.
You were not hungry.

You visited 1 branch of the dungeon, and saw 4 of its levels.

You collected 32 gold pieces.

Inventory:

Hand Weapons
 a - a +1 dagger (weapon)
Armour
 b - a +0 robe (worn)
 e - a +0 ring mail
 f - a +2 ring mail of fire resistance
Books
 c - a book of Maledictions

   Spells                             Type                      Level
   a - Corona                         Hexes                        1
   b - Ensorcelled Hibernation        Hexes/Ice                    2
   c - Confuse                        Hexes                        3
   d - Tukima's Dance                 Hexes                        3
   e - Dazzling Spray                 Conjuration/Hexes            3


   Skills:
 - Level 3.0 Short Blades
 + Level 1.5 Dodging
 - Level 2.4 Stealth
 - Level 2.6 Spellcasting
 - Level 2.6 Hexes


You had one spell level left.
You knew the following spells:

 Your Spells              Type           Power        Failure   Level  Hunger
a - Corona                Hex            ##.....      7%          1    N/A
b - Ensorcelled Hibernat  Hex/Ice        #.....       19%         2    N/A
c - Confuse               Hex            ##......     21%         3    N/A

Dungeon Overview and Level Annotations

Branches:
Dungeon (4/15)
 Temple: D:4-7

Altars:

Annotations:
D:4 Blork the orc


Innate Abilities, Weirdness & Mutations

You do not eat or drink.
Your flesh is vulnerable to fire.
You are immune to poison.
Your flesh is cold resistant. (rC+)
You are immune to negative energy. (rN+++)
You are immune to unholy pain and torment.
You can survive without breathing.


Message History

The orc hits you with a mace.
* * * LOW HITPOINT WARNING * * *
Unknown command.
An adder comes into view.
The leopard gecko closely misses you.
Unknown command.
Unknown command.
Okay, then.
The orc priest shouts!
An orc comes into view.
Casting: Ensorcelled Hibernation
Confirm with . or Enter, or press ? or * to list all spells.
Aiming: Ensorcelled Hibernation
Press: ? - help, Shift-Dir - straight line, f - orc priest
Aim: an orc priest, wielding a dagger and wearing a ring mail (chance to defeat MR: 37%)
The orc priest easily resists.
The orc priest mumbles some strange prayers to Beogh against you.
Beogh smites you!
Ouch! That really hurt!
You die...

#.#.#######.#...#
#o#.......#.#...#
#......##+#'#o..#
#.####..........# #.#
#..........##
#.####......)....#######
#...............S.......
######....o....#g#.....
####@###..#g# ###
#o#....#g# #.#....#.#
#g######g# #.g.gg...#
##########


You could see an orc priest, a gnoll, an adder, 2 orcs and a goblin.

Vanquished Creatures
  A gnoll (D:3)
  An adder (D:4)
  2 oozes
  3 dart slugs
  A worm (D:2)
  2 ball pythons (D:1)
  A giant cockroach (D:3)
  A goblin (D:2)
  3 hobgoblins (D:1)
  A bat (D:1)
  2 frilled lizards
  3 kobolds
  4 rats
25 creatures vanquished.

Notes
Turn   | Place    | Note
-------+----------+-------------------------------------------
     0 | D:1      | 4thArraOfDagon the Mummy Enchanter began the quest for the Orb.
     0 | D:1      | Reached XP level 1. HP: 13/13 MP: 4/4
    30 | D:1      | Reached skill level 1 in Short Blades
    60 | D:1      | Reached XP level 2. HP: 15/19 MP: 5/5
    65 | D:1      | Learned a level 2 spell: Ensorcelled Hibernation
   120 | D:1      | Reached skill level 2 in Short Blades
   345 | D:2      | Reached XP level 3. HP: 22/24 MP: 5/7
   350 | D:2      | Learned a level 3 spell: Confuse
   601 | D:4      | Noticed Blork the orc
   628 | D:3      | Reached skill level 3 in Short Blades
   743 | D:3      | Killed from afar by an orc priest

Vault maps used:
D:1:      tarquinn_simple_flora_water_f
D:2:      old_standard_altar, marbit_many_paths,
          nicolae_qazlal_eye_of_the_storm, first_bread,
          kennysheep_generic_room_9
D:3:      old_standard_altar, grunt_decor_fettered
D:4:      kennysheep_mini_moat, chequers_temple_overflow_statue_of_worship,
          serial_shops, shop, portal_sewer_entry_e, uniq_blork_the_orc

Skill      XL: |  1  2  3 |
---------------+----------+-----
Short Blades   | 1 2 3 |  3.0
Dodging        | |  1.5
Stealth        | |  2.4
Spellcasting   | |  2.6
Hexes          | |  2.6

Action                   || total
-------------------------++-------
Melee: Dagger            ||    55
 Cast: Ensorcelled Hiber ||    19
       Confuse           ||     1
  Use: Scroll            ||     1
 Stab: Sleeping          ||    19
Armor: Robe              ||     7
Dodge: Dodged            ||    29

Table legend:
 A = Spawn XP
 B = Non-spawn XP
 C = Spawn XP percentage of total XP
 D = Spawn monster count
 E = Non-spawn monster count
 F = Spawn count percentage of total count
 G = Total turns spent on level
                    A         B        C        D         E        F      G
               +---------+---------+-------+---------+---------+-------+---------
         Total |       0 |      81 |   0.0 |       0 |      25 |   0.0 |   743
               +---------+---------+-------+---------+---------+-------+---------
           D:1 |       0 |      29 |   0.0 |       0 |      13 |   0.0 |   214
           D:2 |       0 |      21 |   0.0 |       0 |       7 |   0.0 |   277
           D:3 |       0 |      18 |   0.0 |       0 |       4 |   0.0 |   156
           D:4 |       0 |      13 |   0.0 |       0 |       1 |   0.0 |    96
               +---------+---------+-------+---------+---------+-------+---------
